Map: New Gettysburg LE

Players

Nameless

  • Race: Zerg Zerg

Nickos - Winner!

  • Race: Terran Terran
  • League: Gold

VOD

Have the link to the VOD?

Description

Time

  • Played on: Sept. 29, 2016, 3:31 a.m.
  • Length: 12:30
Show
View Real Time Build Order
Export as new Build Order

Nameless Zerg 

Build Orders: Hatch First 

Get SALT Encoding   

  12  0:01  Drone  
  13  0:08  Drone  
  14  0:19  Overlord  
  14  0:38  Drone x3  
  17  0:51  Drone  
  18  1:00  Drone, Hatchery  
  18  1:14  Extractor  
  18  1:16  Spawning Pool  
  17  1:18  Drone  
  17  1:24  Drone  
  18  1:34  Drone  
  19  1:50  Drone  
  20  2:03  Queen  
  20  2:05  Overlord  
  20  2:06  Overlord  
  22  2:15  Queen  
  24  2:16  Drone  
  25  2:25  Zergling x2  
  26  2:32  Overlord x2  
  26  2:36  Metabolic Boost  
  26  2:50  Drone x2  
  28  3:05  Queen x2  
  28  3:08  Zergling x4  
  28  3:10  Drone x3  
  37  3:37  Drone x3  
  37  3:41  Drone x3  
  43  3:42  Zergling x6  
  46  3:56  Drone x2  
  48  4:11  Lair  
  48  4:12  Evolution Chamber x2  
  46  4:26  Hatchery  
  45  4:39  Zerg Melee Weapons Level 1  
  45  4:40  Zerg Ground Armor Level 1  
  45  4:48  Zergling x14  
  51  5:20  Overlord x4  
  51  5:23  Overseer  
  51  5:29  Infestation Pit  
  51  5:33  Spore Crawler  
  49  5:38  Spore Crawler  
  49  5:39  Drone x2  
  49  5:40  Drone x3  
  53  5:44  Extractor  
  53  5:47  Extractor  
  52  5:50  Zergling x6  
  54  6:07  Drone x3  
  57  6:15  Roach Warren  
  56  6:18  Spine Crawler  
  56  6:21  Drone x4, Extractor  
  56  6:23  Drone  
  59  6:30  Drone x2  
  61  6:35  Drone x2  
  63  7:28  Roach x2  
  63  7:29  Roach x2  
  71  7:31  Zerg Melee Weapons Level 2  
  71  7:32  Zerg Ground Armor Level 2  
  71  7:39  Hive  
  71  7:41  Drone x2  
  71  7:42  Drone x2  
  71  7:44  Drone x3  
  77  7:46  Roach  
  77  7:48  Overlord x2  
  77  7:49  Overlord x2  
  78  8:15  Drone x4  
  78  8:16  Drone x2  
  84  8:29  Hatchery  
  83  8:40  Drone x4  
  87  8:45  Roach x5  
  87  8:46  Roach x4  
  87  8:47  Overlord x3  
  105  8:55  Extractor  
  104  8:56  Extractor  
  103  9:14  Roach x6  
  113  9:27  Roach x5  
  115  9:49  Roach x5  
  115  9:50  Zergling x4, Roach  
  129  9:59  Queen  
  131  10:00  Drone x2  
  119  10:10  Roach x5  
  101  10:29  Queen  
  101  10:31  Drone x3  
  106  10:43  Drone x5  
  106  10:44  Drone x2  
  113  10:58  Ultralisk Cavern  
  113  10:59  Spine Crawler  
  111  11:04  Spine Crawler  
  110  11:22  Zergling x14  
  110  11:23  Zergling x4  
  119  11:32  Zergling x4  
  119  11:33  Zergling x10, Roach x2  
  119  11:34  Zergling x6, Roach x4  
  139  11:50  Roach x2  
  126  11:58  Roach  
  126  11:59  Zergling x4, Roach x3  
  89  12:06  Roach  
Show
View Real Time Build Order
Export as new Build Order

Nickos Terran - Winner!

Build Orders: MMM Bio 

Get SALT Encoding   

  12  0:01  SCV  
  13  0:13  SCV  
  14  0:19  Supply Depot  
  14  0:25  SCV  
  15  0:40  SCV  
  16  0:43  Barracks  
  16  0:52  SCV  
  17  1:04  SCV  
  18  1:20  SCV  
  18  1:25  Command Center  
  19  1:32  SCV  
  20  1:40  Barracks  
  20  1:47  Supply Depot  
  20  1:53  Orbital Command  
  20  2:05  Marine  
  21  2:14  Barracks  
  21  2:16  Refinery  
  21  2:20  Refinery  
  21  2:22  Marine  
  21  2:23  SCV  
  21  2:27  Marine  
  24  2:37  SCV  
  24  2:40  Marine  
  24  2:41  Orbital Command  
  26  2:47  Marine  
  26  2:49  SCV  
  28  2:56  Bunker  
  28  3:01  Supply Depot, SCV  
  29  3:07  Marine  
  30  3:13  SCV  
  30  3:14  SCV  
  30  3:17  Supply Depot  
  30  3:18  Marine  
  33  3:20  Barracks Tech Lab  
  33  3:26  SCV x2  
  35  3:27  Marine  
  36  3:37  Marine  
  37  3:42  Stimpack  
  37  3:47  Supply Depot, SCV x2  
  39  3:59  SCV x2  
  41  4:05  Barracks Reactor  
  41  4:09  Marine  
  43  4:11  SCV  
  44  4:18  Supply Depot  
  44  4:21  Barracks Reactor  
  43  4:31  Marauder  
  45  4:33  SCV x2  
  47  4:42  Factory  
  47  4:43  Barracks x2, Marine x2  
  47  4:44  Barracks  
  47  4:45  SCV x2  
  50  4:46  Supply Depot  
  50  4:51  Marine  
  52  4:57  SCV  
  52  4:58  SCV  
  54  5:01  Marine  
  55  5:09  SCV  
  55  5:10  SCV  
  55  5:11  Supply Depot, Marine  
  55  5:12  Marine x3  
  61  5:19  Marine  
  62  5:21  SCV  
  62  5:22  Supply Depot  
  62  5:28  Factory Reactor, Starport  
  63  5:31  Marauder  
  63  5:34  Engineering Bay  
  65  5:36  Refinery  
  65  5:50  Command Center, Marine x2  
  65  5:51  Barracks Reactor, Marine  
  65  5:52  Barracks Reactor  
  65  5:53  Barracks Tech Lab  
  65  5:54  Marine x2  
  65  5:55  SCV x2  
  72  5:59  Combat Shields  
  72  6:07  SCV  
  72  6:08  SCV  
  74  6:11  Marine  
  74  6:12  Marine  
  74  6:13  Marauder x2  
  74  6:15  Medivac  
  82  6:19  SCV  
  82  6:22  Engineering Bay  
  83  6:27  Supply Depot, Marine x3  
  83  6:28  Supply Depot  
  86  6:34  Marine  
  86  6:35  Marine x4  
  86  6:39  Marauder  
  93  6:49  Marauder  
  93  6:52  Terran Infantry Weapons Level 1, Supply Depot  
  93  6:53  Terran Infantry Armor Level 1  
  95  6:55  Supply Depot  
  95  7:00  Marine x4  
  95  7:01  Marauder, Marine x3  
  102  7:06  Marine  
  105  7:10  Marine  
  106  7:17  SCV x2  
  106  7:18  Marine  
  109  7:28  Marine x2  
  109  7:29  SCV x2, Marine x4  
  117  7:30  Missile Turret, Marine  
  117  7:31  Missile Turret  
  118  7:39  Concussive Shells  
  118  7:41  SCV, Marauder  
  118  7:42  Marauder, SCV  
  124  7:50  Supply Depot, Marine  
  125  7:51  Marine  
  125  7:53  SCV  
  125  7:54  SCV  
  125  7:56  Planetary Fortress  
  130  8:05  Marauder  
  130  8:06  Marine, Marauder  
  130  8:07  Marine  
  130  8:11  Marine  
  130  8:12  Marine x2  
  137  8:13  Marine  
  137  8:16  Marine x2  
  137  8:18  Medivac  
  142  8:26  SCV x2  
  144  8:30  Marauder x2  
  148  8:38  SCV  
  149  9:29  Armory  
  149  9:31  Command Center  
  149  9:39  Liberator x2  
  149  9:48  Marauder  
  149  9:56  Marine x5  
  149  9:57  Marine x3, Marauder, SCV x2  
  152  10:09  SCV  
  152  10:10  Marauder  
  152  10:14  Marine x5  
  137  10:15  Marine x3  
  137  10:18  Marauder  
  137  10:19  Orbital Command  
  139  10:22  Liberator  
  139  10:29  SCV x2  
  139  10:31  Marauder  
  139  10:32  Marine x4  
  147  10:40  Marauder  
  147  10:42  Marine x2  
  152  10:43  Marine x2  
  152  10:47  Missile Turret  
  152  10:49  Missile Turret, Marine  
  156  10:50  Marine  
  156  10:52  Marine, Marauder  
  156  10:53  Marine  
  162  11:00  Marine x2  
  162  11:01  Orbital Command, Marauder  
  162  11:02  Marine x2  
  162  11:04  Barracks x2  
  168  11:05  Barracks  
  168  11:07  Barracks, Marine  
  168  11:08  Marine  
  168  11:10  Marine  
  171  11:14  Marauder  
  171  11:15  Supply Depot  
  173  11:22  Marauder  
  175  11:35  Marauder  
  172  11:54  Marine x2  
  172  11:55  Marine x4  
  172  11:56  Barracks Tech Lab x4  
  172  12:06  SCV  
  172  12:07  SCV x2  
  172  12:08  Marine x2  
Tags
 
Composition
MMM Bio
League
Gold
Matchup
TvZ
Replay Pack
Nickos replay
Add a new tag
Caveats
  • Supply blocks, unpowered buildings, or Contaminate may cause inaccurate times.
  • Supply counts are checked every 10 seconds.